 Dungeon Crawl Stone Soup version 0.31.0-11-ge490571c62 (webtiles) character file.

Game seed: 17749379853142309828

2759 Zeor the Carver (level 10, 0/77 HPs)
             Began as a Formicid Monk on Feb 4, 2024.
             Killed from afar by a steam dragon (19 damage)
             ... with a ball of steam
             ... on level 7 of the Dungeon.
             The game lasted 00:17:17 (5791 turns).

Zeor the Carver (Formicid Monk)                     Turns: 5791, Time: 00:17:17

Health: 0/77       AC: 11    Str: 16    XL:     10   Next: 0%
Magic:  10/10      EV: 13    Int: 10    God:
Gold:   519        SH:  0    Dex: 24    Spells: 9/9 levels left

rFire   . . .        a - +1 falchion
rCold   . . .        d - orb {light}
rNeg    . . .        e - +0 ring mail
rPois   +            (helmet unavailable)
rElec   .            b - +1 cloak
rCorr   +            l - +2 pair of gloves
SInv    +            (no boots)
Will    +....        (no amulet)
Stlth   +            y - ring "Iwnurung" {rPois Will- rCorr Dex+4 Slay+4}
HPRegen 0.32/turn    r - ring of willpower
MPRegen 0.12/turn

%: no passive effects
@: mighty, glowing
A: permanent stasis, dig shafts and tunnels, antennae 3, four strong arms
a: Dig, Shaft Self


You were on level 7 of the Dungeon.
You visited 1 branch of the dungeon, and saw 7 of its levels.
You also visited: Ossuary.

You collected 519 gold pieces.

Inventory:

Hand Weapons
 a - a +1 falchion (weapon)
 z - a +4 dagger of venom
Missiles
 p - a throwing net
Armour
 b - a +1 cloak (worn)
 d - an orb of light (worn)
 e - a +0 ring mail (worn)
 l - a +2 pair of gloves (worn)
 v - the +2 leather armour "Jagikes" {Int+4}
   (You found it on level 4 of the Dungeon)

   Int+4:     It affects your intelligence (+4).
Jewellery
 r - a ring of willpower (right hand)
 y - the ring "Iwnurung" (left hand) {rPois Will- rCorr Dex+4 Slay+4}
   (You acquired it on level 5 of the Dungeon)

   [ring of slaying]

   Dex+4:     It affects your dexterity (+4).
   Slay+4:    It affects your accuracy & damage with ranged weapons and melee
   (+4).
   rPois:     It protects you from poison Will-: It decreases your willpower.
   rCorr:     It protects you from acid and corrosion.
Talismans
 g - a blade talisman
Wands
 A - a wand of flame (22)
Scrolls
 f - 3 scrolls of fear
 k - a scroll of amnesia
 q - a scroll of silence
 t - 4 scrolls of poison
 w - 2 scrolls of enchant armour
 x - 2 scrolls of enchant weapon
Potions
 c - a potion of ambrosia
 h - 2 potions of mutation
 i - 5 potions of might
 j - a potion of enlightenment
 m - 5 potions of curing
 n - a potion of attraction
 o - 2 potions of brilliance {unknown}
 s - a potion of magic
 u - 3 potions of lignification {unknown}
 B - a potion of heal wounds {unknown}


   Skills:
 * Level 6.7 Fighting
 * Level 10.2 Long Blades
 * Level 5.8 Armour
 + Level 4.2 Dodging
 + Level 1.1 Stealth


You had 9 spell levels left.
You didn't know any spells.
Your spell library contained the following spells:

 Spells                   Type           Power      Damage    Failure   Level
 Foxfire                  Conj/Fire      0%         2x1d4     54%         1
 Slow                     Hex            0%         N/A       54%         1
 Scorch                   Fire           0%         2d5       69%         2
 Static Discharge         Conj/Air       0%         3-3/arc   69%         2
 Confusing Touch          Hex            0%         N/A       89%         3
 Sigil of Binding         Hex            0%         N/A       89%         3
 Vampiric Draining        Necr           0%         2d6       89%         3
 Airstrike                Air            0%         2d(0-16)  100%        4
 Flame Wave               Conj/Fire      0%         2d4       100%        4
 Summon Lightning Spire   Summ/Air       0%         N/A       100%        4
 Plasma Beam              Fire/Air       0%         2x1d10    100%        6
 Starburst                Conj/Fire      0%         6d3       100%        6
 Summon Cactus Giant      Summ           0%         N/A       100%        6


Dungeon Overview and Level Annotations

Branches:
Dungeon (7/15)            Ossuary (visited)
 Temple: D:4-7

Altars:
Dithmenos
Elyvilon
Kikubaaqudgha
Xom

Shops:
D:1 =   D:7 (

Annotations:
D:5 3 runed translucent doors, Biggs's ghost, amateur TrFi
D:6 1 runed translucent door
D:7 1 transporter


Innate Abilities, Weirdness & Mutations

You cannot be hasted, slowed, berserked, paralysed or teleported.
You can dig through walls and to a lower floor.
You have a pair of large antennae on your head. (SInv)
Your four strong arms can wield two-handed weapons with a shield.


Message History

You kill the gnoll!
The gnoll completely misses you. The gnoll barely misses you.
The gnoll misses you. The gnoll misses you.
The gnoll hits you but does no damage. The gnoll hits you with a +0 spear.
Things that are here:
a +0 whip; a gnoll corpse You are too injured to fight recklessly!
You are too injured to fight recklessly!
You are too injured to fight recklessly!
You slash the gnoll!
The gnoll is almost dead.
The gnoll barely misses you. The gnoll closely misses you. x2
You slash the gnoll!
You kill the gnoll!
The gnoll hits you with a +0 spear.
A steam dragon comes into view.
The gnoll closely misses you.
You have reached level 10!
The steam dragon hisses angrily.
You slash the gnoll!
You kill the gnoll!
You slash the gnoll!
The gnoll is severely wounded.
The gnoll barely misses you.
You slash the gnoll!
You kill the gnoll!
The steam dragon breathes steam at you. The ball of steam hits you!
* * * LOW HITPOINT WARNING * * *
You hear a shout!
Things that are here:
a +0 spear; a gnoll corpse A shadow imp comes into view.
You are engulfed in a cloud of scalding steam.
* * * LOW HITPOINT WARNING * * *
You feel better. The steam dragon breathes steam at you.
The ball of steam hits you!!
You die... ▒▒▒▒▒ ∙∙(∙∙∙ ▒∙∙∙∙ ▒∙∙∙∙∙▒ ▒▒∙∙∙∙▒▒▒▒▒ ▒∙∙∙∙∙▒ { ▒ ▒∙∙∙∙∙∙∙∙∙▒▒▒▒▒∙∙∙∙∙▒ g∙∙∙

∙∙∙∙∙∙∙∙)))∙∙∙∙∙∙∙∙∙▒▒∙∙∙▒
∙∙∙∙∙∙∙∙∙#)∙∙5∙∙∙∙∙∙∙∙g∙▒
∙∙∙∙∙∙∙∙▒▒)#∙∙∙#∙∙∙▒▒∙∙∙▒
∙∙∙∙∙∙∙∙∙'))∙∙∙#∙∙∙∙∙∙∙▒ ▒
∙∙∙∙∙▒▒∙▒▒∙B#D#∙(∙∙▒∙∙∙▒ ∙∙∙
▒∙∙∙∙∙∙∙▒▒∙∙#∙#∙∙∙∙∙∙∙∙▒Ω▒∙▒
▒▒▒▒∙∙▒∙∙▒▒▒▒▒▒∙∙∙∙∙∙∙∙▒▒∙▒∙
∙∙ ▒{∙ ▒∙▒■▒∙∙∙∙∙▒▒∙▒ ∙ ▒▒∙
··∙∙∙▒ ▒∙∙∙∙∙▒g▒ gg∙∙∙▒
▒∙∙∙∙∙▒▒)▒ ▒g∙∙∙∙▒▒
▒∙∙∙∙▒▒J▒∙ ▒▒▒∙▒▒ ▒∙∙∙∙▒∙▒∙▒
∙∙∙▒▒▒▒ ▒∙∙∙∙▒▒∙ ▒


You could see a steam dragon (catching breath) and a shadow imp.

Vanquished Creatures
  Grinder (D:5)
  3 yaks (D:6)
  Menkaure (D:6)
  An ice beast (D:6)
  3 black bears
  An ogre (D:5)
  2 phantoms
  An elf zombie (Ossuary)
  A gnoll sergeant (D:7)
  11 scorpions
  2 jellies (D:4)
  A bombardier beetle (D:4)
  2 hounds
  A human zombie (Ossuary)
  An orc priest (D:3)
  A sleepcap (D:6)
  An orc wizard (D:4)
  4 scorpion zombies (Ossuary)
  3 mummies (Ossuary)
  10 adders
  8 gnolls (D:7)
  A shadow imp (D:6)
  A white imp (D:6)
  3 adder zombies (Ossuary)
  2 dart slugs (D:1)
  A ribbon worm (D:2)
  10 orcs
  5 ball pythons
  5 endoplasms
  4 giant cockroaches
  5 hobgoblins
  4 jackals (D:4)
  5 quokkas
  3 bats
  5 frilled lizards
  5 gnoll zombies (Ossuary)
  A goblin (D:4)
  2 jackal zombies (Ossuary)
  4 kobolds
  A kobold zombie (Ossuary)
  2 rats (D:1)
  A butterfly (D:6)
129 creatures vanquished.

Vanquished Creatures (collateral kills)
  An adder (D:6)
1 creature vanquished.

Grand Total: 130 creatures vanquished

Notes
Turn   | Place    | Note
-------+----------+-------------------------------------------
     0 | D:1      | Zeor the Formicid Monk began the quest for the Orb.
     0 | D:1      | Reached XP level 1. HP: 18/18 MP: 1/1
    36 | D:1      | Reached XP level 2. HP: 24/24 MP: 2/2
   309 | D:1      | Found Diach's Jewellery Shoppe.
   474 | D:1      | Reached XP level 3. HP: 27/30 MP: 3/3
  1208 | D:2      | Reached skill level 4 in Long Blades
  1208 | D:2      | Reached XP level 4. HP: 29/37 MP: 4/4
  1242 | D:2      | Found an ancient bone altar of Kikubaaqudgha.
  1606 | D:3      | Reached skill level 1 in Armour
  1848 | D:3      | Reached XP level 5. HP: 38/42 MP: 5/5
  1952 | D:3      | Found a white marble altar of Elyvilon.
  2836 | D:4      | Noticed a black bear
  2850 | D:4      | Killed a black bear
  2851 | D:4      | Reached skill level 5 in Long Blades
  2851 | D:4      | Reached XP level 6. HP: 28/48 MP: 6/6
  3258 | D:4      | Found a shadowy altar of Dithmenos.
  3384 | D:4      | Reached XP level 7. HP: 54/55 MP: 7/7
  3483 | D:4      | Identified the +2 leather armour "Jagikes" {Int+4}
  3604 | D:5      | Entered Level 5 of the Dungeon
  3734 | D:5      | Noticed Biggs's ghost (amateur TrFi)
  3745 | D:5      | Reached skill level 6 in Long Blades
  3802 | D:5      | Found a runed translucent gate.
  3808 | D:5      | Found a runed translucent gate.
  3826 | D:5      | Found a shimmering altar of Xom.
  3909 | D:5      | Found a sand-covered staircase.
  3919 | Ossuary  | Entered an ossuary
  3943 | Ossuary  | Reached XP level 8. HP: 17/61 MP: 8/8
  4173 | Ossuary  | Reached skill level 7 in Long Blades
  4278 | Ossuary  | Reached skill level 5 in Fighting
  4455 | D:5      | Identified a scroll of acquirement
  4455 | D:5      | Acquired the ring "Iwnurung" {rPois Will- rCorr Dex+4
                  | Slay+4}
  4517 | D:5      | Found a runed translucent gate.
  4582 | D:5      | Noticed Grinder
  4597 | D:5      | Killed Grinder
  4598 | D:5      | Reached skill level 8 in Long Blades
  4598 | D:5      | Reached XP level 9. HP: 57/68 MP: 9/9
  4785 | D:6      | Reached skill level 5 in Armour
  5024 | D:6      | Found a runed translucent door.
  5025 | D:6      | Found a runed translucent door.
  5052 | D:6      | Reached skill level 9 in Long Blades
  5075 | D:6      | Reached skill level 1 in Stealth
  5579 | D:6      | Noticed Menkaure
  5584 | D:6      | Killed Menkaure
  5585 | D:6      | Reached skill level 10 in Long Blades
  5706 | D:7      | Noticed a gargoyle
  5722 | D:7      | Noticed a cyan ugly thing
  5736 | D:7      | Found Paenluv's Weapon Boutique.
  5747 | D:7      | Found a transporter.
  5785 | D:7      | Reached XP level 10. HP: 31/77 MP: 10/10
  5791 | D:7      | Killed from afar by a steam dragon

Illustrated notes

Levels and vault maps discovered:
D:1:      pf_arrival_petrified_forest, layout_basic, serial_shops, shop_coins,
          amcnicky_mini_rare_corridor_liquid, minmay_misc_feat_five,
          minmay_tromino_mix6
D:2:      layout_basic, basic_altar
D:3:      layout_basic, lemuel_coloured_pillars_altar,
          minmay_misc_feat_secret_circle, grunt_ministairs_4,
          corexii_hall_statues_i
D:4:      layout_loops_ring, nicolae_dithmenos_through_a_glass_darkly,
          minmay_misc_feat_nine_boxes, hangedman_decor_lopped
D:5:      layout_rooms, mainiacjoe_overflow_six_doors_small,
          gammafunk_ghost_icy, chequers_ossuary_entry_cave, uniq_grinder
D:6:      lemuel_insect_pit, layout_gridville, uniq_menkaure
D:7:      gammafunk_the_bubble [the_bubble_gammafunk_grid], layout_basic,
          minmay_temple_entry_tees, serial_shops, shop, shop,
          nicolae_shop_stone, shop

Skill      XL: |  1  2  3  4  5  6  7  8  9 |
---------------+----------------------------+-----
Long Blades    | 4 5 6 8 10 | 10.2
Armour         | 1 2 3 4 5 |  5.8
Dodging        | 3 4 |  4.2
Fighting       | 4 5 6 |  6.7
Stealth        | 1 |  1.1

Action                     |  1- 3 |  4- 6 |  7- 9 | 10-12 || total
---------------------------+-------+-------+-------+-------++-------
  Melee: Falchion          |    64 |    97 |   377 |     3 ||   541
  Throw: Throwing net      |       |       |     1 |       ||     1
Ability: Dig               |       |       |     1 |       ||     1
    Use: Scroll            |    10 |     3 |     9 |       ||    22
         Potion            |       |       |     1 |     1 ||     2
 Armour: Ring mail         |    25 |    41 |   241 |     3 ||   310
  Dodge: Dodged            |    33 |    56 |   263 |     1 ||   353
